 Dungeon Crawl Stone Soup version 0.28-b1-70-g80dc712255 (webtiles) character file.

Game seed: 10345050090796272524

23 Prodoman the Magician (level 2, -2/19 HPs)
             Began as a Demonspawn Hedge Wizard on Feb 4, 2022.
             Was an Initiate of Ashenzari.
             Slain by an ufetubus (4 damage)
             ... on level 5 of the Dungeon.
             The game lasted 00:05:35 (919 turns).

Prodoman the Magician (Demonspawn Hedge Wizard)      Turns: 919, Time: 00:05:36

Health: -2/19      AC:  2    Str: 10    XL:     2   Next: 72%
Magic:  6/6        EV: 12    Int: 15    God:    Ashenzari [......]
Gold:   41         SH:  0    Dex: 12    Spells: 7/8 levels left

rFire   . . .      SeeInvis .   a - +0 dagger
rCold   . . .      Faith    .   (no shield)
rNeg    . . .      Spirit   .   b - +0 robe
rPois   .          Reflect  .   c - +0 hat
rElec   .          Harm     .   (no cloak)
rCorr   .          Rampage  .   (no gloves)
Will    .....                   (no boots)
Stlth   ++........              (no amulet)
HPRegen 0.06/turn               (no ring)
MPRegen 0.10/turn               (no ring)

@: no status effects
A: powered by death 1
a: Renounce Religion, Curse Item


You were on level 5 of the Dungeon.
You worshipped Ashenzari.
Ashenzari was noncommittal.
You visited 1 branch of the dungeon, and saw 4 of its levels.

You collected 41 gold pieces.

Inventory:

Hand Weapons
 a - a +0 dagger (weapon)
Armour
 b - a +0 robe (worn)
 c - a +0 hat (worn)
Scrolls
 e - a scroll of brand weapon {unknown}
Potions
 d - a potion of flight {unknown}


   Skills:
 + Level 2.0 Dodging
 + Level 1.8 Stealth
 + Level 3.6 Spellcasting
 + Level 1.2 Conjurations
 + Level 1.0 Summonings
 + Level 0.8 Translocations


You had 7 spell levels left.
You knew the following spells:

 Your Spells              Type           Power      Damage    Failure   Level
a - Magic Dart            Conj           24%        1d4       11%         1

Your spell library contained the following spells:

 Spells                   Type           Power      Damage    Failure   Level
 Slow                     Hex            8%         N/A       19%         1
 Call Imp                 Summ           5%         N/A       19%         2
 Blink                    Tloc           10%        N/A       21%         2
 Conjure Flame            Conj/Fire      4%         6-21      41%         3
 Mephitic Cloud           Conj/Pois/Air  3%         N/A       43%         3


Dungeon Overview and Level Annotations

Branches:
Dungeon (5/15)
 Temple: D:4-7

Altars:
Ashenzari


Innate Abilities, Weirdness & Mutations

You regenerate a little health from kills.


Message History

You open the door.
There is an open door here.
You open the door.
There is an open door here.
Found a stone staircase leading down.
There is a stone staircase leading down here.
You climb downwards.
Found a leather armour.
There is a stone staircase leading up here.
The ufetubus shouts!
The ufetubus barely misses you. The ufetubus closely misses you.
You barely miss the ufetubus.
The ufetubus hits you but does no damage.
The ufetubus hits you. The ufetubus misses you.
The ufetubus closely misses you.
You barely miss the ufetubus. The ufetubus hits you. x2
You barely miss the ufetubus.
The ufetubus hits you but does no damage.
The ufetubus closely misses you. The ufetubus hits you.
The ufetubus hits you but does no damage.
You miss the ufetubus. The ufetubus hits you. The ufetubus barely misses you.
You hit the ufetubus but do no damage. The ufetubus barely misses you.
The ufetubus misses you. x3
You hit the ufetubus but do no damage. The ufetubus barely misses you.
The ufetubus hits you but does no damage.
You hit the ufetubus but do no damage. The ufetubus barely misses you.
The ufetubus hits you.
* * * LOW HITPOINT WARNING * * *
The ufetubus misses you. The ufetubus closely misses you.
You hit the ufetubus.
The ufetubus is moderately wounded.
The ufetubus barely misses you. The ufetubus closely misses you.
You closely miss the ufetubus.
The ufetubus is moderately wounded.
The ufetubus hits you.
* * * LOW HITPOINT WARNING * * *
The ufetubus hits you.
* * * LOW HITPOINT WARNING * * *
The ufetubus hits you.
You die...

###
#<#
#@#
#5#
#[.
#.##
###


You could see an ufetubus.

Vanquished Creatures
  A dart slug (D:1)
  An endoplasm (D:1)
  A giant cockroach (D:1)
  3 goblins
  A hobgoblin (D:1)
  4 jackals (D:1)
  A quokka (D:2)
  2 ball pythons (D:1)
  2 kobolds (D:1)
  3 rats (D:1)
19 creatures vanquished.

Notes
Turn   | Place    | Note
-------+----------+-------------------------------------------
     0 | D:1      | Prodoman the Demonspawn Hedge Wizard began the quest for
                  | the Orb.
     0 | D:1      | Reached XP level 1. HP: 13/13 MP: 4/4
   346 | D:1      | Gained mutation: You regenerate a little health from kills.
                  | [demonic ancestry]
   346 | D:1      | Reached XP level 2. HP: 4/19 MP: 6/6
   519 | D:1      | Found a faded altar of an unknown god.
   543 | D:1      | Prayed at the altar of an unknown god.
   543 | D:1      | Became a worshipper of Ashenzari the Shackled
   751 | D:2      | You fall into a shaft and drop 2 floors!
   909 | D:5      | Entered Level 5 of the Dungeon
   919 | D:5      | Slain by an ufetubus

Illustrated notes

Levels and vault maps discovered:
D:1:      tarquinn_simple_flora_water_f, layout_basic,
          shapermc_ecumenical_altar_pompeii, minivault_19,
          kennysheep_minor_cross, chequers_serial_rivers_marsh,
          corexii_hall_statues_i
D:2:      layout_basic, serial_shops, shop
D:4:      layout_basic, mainiacjoe_overflow_tiny_flanked,
          minmay_temple_entry_poolview, serial_shops, nicolae_shop_trees,
          grunt_decor_junction
D:5:      minmay_polygon_palace, layout_basic, mainiacjoe_overflow_brackets,
          uniq_prince_ribbit1

Skill      XL: |  1  2 |
---------------+-------+-----
Dodging        | 2 |  2.0
Stealth        | |  1.8
Spellcasting   | |  3.6
Conjurations   | |  1.2
Summonings     | |  1.0
Translocations | |  0.8

Action                   || total
-------------------------++-------
Melee: Dagger            ||    61
 Cast: Magic Dart        ||    28
Armor: Robe              ||    17
Dodge: Dodged            ||    60
